 Dungeon Crawl Stone Soup version 0.22.1-5-g62c59d919a (webtiles) character file.

15233 Gargoyl the Cleaver (level 11, 0/92 HPs)
             Began as a Centaur Abyssal Knight on Jan 10, 2019.
             Was a High Priest of Lugonu.
             Slain by Snorg (13 damage)
             ... on level 3 of the Lair of Beasts.
             The game lasted 00:27:39 (15046 turns).

Gargoyl the Cleaver (Centaur Abyssal Knight)       Turns: 15046, Time: 00:27:39

Health: 0/92       AC: 23    Str: 18    XL:     11   Next: 99%
Magic:  17/17      EV:  7    Int: 13    God:    Lugonu [*****.]
Gold:   822        SH:  0    Dex:  7    Spells: 10/10 levels left

rFire    + + .     SeeInvis .   k - +8 battleaxe "Lyott" {freeze, rElec rF++ Int+2 Dex-2}
rCold    . . .     Gourm    .   (shield currently unavailable)
rNeg     . . .     Faith    .   v - +3 scale mail
rPois    +         Spirit   .   (no helmet)
rElec    +         Reflect  .   q - +1 cloak
rCorr    .         Harm     .   (no gloves)
MR       .....                  r - +2 centaur barding
Stlth    ..........             (no amulet)
HPRegen  0.25/turn              A - ring of poison resistance
MPRegen  0.15/turn              p - +3 ring of slaying

@: very quick
A: large, hooves 3, icy blue scales 1, deformed body, speed 2, electricity
resistance, tough skin 3
a: Depart the Abyss, Bend Space, Banish, Corrupt, Enter the Abyss, Renounce
Religion


You were on level 3 of the Lair of Beasts.
You worshipped Lugonu.
Lugonu was extremely pleased with you.
You were not hungry.

You visited 2 branches of the dungeon, and saw 13 of its levels.
You visited the Abyss 1 time.

You collected 1024 gold pieces.
You spent 202 gold pieces at shops.

Inventory:

Hand Weapons
 a - a +2 hand axe
 b - a +0 war axe of flaming
 k - the +8 battleaxe "Lyott" (weapon) {freeze, rElec rF++ Int+2 Dex-2}
   (You found it on level 10 of the Dungeon)

   It has been specially enchanted to freeze those struck by it, causing extra
   injury to most foes and up to half again as much damage against particularly
   susceptible opponents.
   It can also slow down cold-blooded creatures.
   It affects your intelligence (+2).
   It affects your dexterity (-2).
   It greatly protects you from fire.
   It insulates you from electricity.
 m - a +0 war axe
 n - a +3 hand axe
Missiles
 o - 2 tomahawks (quivered)
Armour
 q - a +1 cloak (worn)
 r - a +2 centaur barding (worn)
 v - a +3 scale mail (worn)
 w - a +0 shield
Jewellery
 i - an uncursed ring of flight
 p - a +3 ring of slaying (right hand)
 A - a ring of poison resistance (left hand)
 B - an uncursed ring of protection from fire {unknown}
Wands
 e - a wand of flame (18)
 g - a wand of clouds (6)
 z - a wand of iceblast (7)
 C - a wand of polymorph (7)
 E - a wand of disintegration (19)
Scrolls
 d - 3 scrolls of fear
 f - 9 scrolls of teleportation
 j - 2 scrolls of identify
 l - 2 scrolls of amnesia
 u - 2 scrolls of remove curse
 x - 2 scrolls of blinking
 y - a scroll of acquirement
Potions
 h - 3 potions of curing
 s - a potion of flight
 t - 3 potions of brilliance
Comestibles
 c - 17 rations
 D - 2 chunks of flesh


   Skills:
 + Level 7.0 Fighting
 + Level 9.4 Axes
 + Level 1.4 Throwing
 * Level 8.5 Armour
 * Level 5.6 Dodging
 + Level 2.2 Shields
 * Level 8.8 Invocations
 + Level 0.3 Evocations


You had 10 spell levels left.
You didn't know any spells.
Your spell library contained the following spells:

 Spells                   Type           Power        Failure   Level  Hunger
 Apportation              Tloc           #.....       63%         1    ##.....
 Magic Dart               Conj           #...         63%         1    ##.....
 Summon Butterflies       Summ           #.......     63%         1    ##.....
 Searing Ray              Conj           #.....       77%         2    ###....
 Dazzling Spray           Conj/Hex       #.....       94%         3    ####...
 Lesser Beckoning         Tloc           #.........   94%         3    ####...
 Tukima's Dance           Hex            #.......     94%         3    ####...
 Force Lance              Conj/Tloc      #.......     100%        4    #####..
 Fulminant Prism          Conj/Hex       #.........   100%        4    #####..
 Ice Form                 Ice/Tmut       #.......     100%        4    #####..
 Iskenderun's Mystic Bla  Conj           #.......     100%        4    #####..
 Alistair's Intoxication  Tmut/Pois      #.......     100%        5    ######.
 Metabolic Englaciation   Hex/Ice        #.........   100%        5    ######.
 Bolt of Cold             Conj/Ice       #.........   100%        6    #######
 Freezing Cloud           Conj/Ice/Air   #.........   100%        6    #######
 Invisibility             Hex            #.......     100%        6    #######
 Ozocubu's Refrigeration  Ice            #.........   100%        6    #######
 Simulacrum               Ice/Necr       #.........   100%        6    #######


Dungeon Overview and Level Annotations

Branches:
Dungeon (10/15)              Lair (3/6) D:10          Swamp (0/4) Lair:2
  Snake (0/4) Lair:2          Orc (0/2) D:9
 Temple: D:4-7

Altars:
Dithmenos
Elyvilon
Fedhas
Hepliaklqana
Nemelex Xobeh
Qazlal
Sif Muna
Uskayaw
Wu Jian
Yredelemnul
Zin
The Shining One

Shops:
D:9 [   D:10 *

Annotations:
D:5 2 transporters, Peloso's ghost, amateur MiFi
D:9 1 runed door, NeAGen181's ghost, novice HOFi
Lair:1 exclusion: oklob plant
Lair:3 Snorg


Innate Abilities, Weirdness & Mutations

You have hooves in place of feet.
Armour fits poorly on your strangely shaped body.
You cover ground very quickly.
You have extremely tough skin. (AC +3)
You are partially covered in icy blue scales. (AC +2)
You are resistant to electric shocks. (rElec)


Message History

You barely miss Snorg. You kick Snorg!
Snorg is moderately wounded.
Snorg bites you! Snorg claws you but does no damage. x2
You slash Snorg! You freeze Snorg.
Snorg is moderately wounded.
Snorg bites you but does no damage. Snorg barely misses you.
Snorg claws you but does no damage. Snorg bites you. Snorg closely misses you.
Snorg claws you but does no damage.
You hit Snorg. You freeze Snorg.
Snorg is moderately wounded.
Snorg bites you. Snorg claws you but does no damage. x2
You slice Snorg!! You freeze Snorg. You kick Snorg!
Snorg is almost dead.
Snorg goes berserk!
You closely miss Snorg. You kick Snorg!
Snorg is almost dead.
Snorg bites you!! Snorg claws you! x2
* * * LOW HITPOINT WARNING * * *
Snorg bites you!
You die...

#.......### ##
##......#.###.
#.......'.....
#.......###### #.
##.......## # #.###
####..##.# # .#+...#
#...#### .......##
##..#
.......@#######'###
......T+.#.#......#
.......P..........+
.......#.###.........#
.......#.# #......####
.......### ###.#.##
....... ###.# .###.#.
## ##


You could see Snorg (berserk).

Vanquished Creatures
  A hydra (Lair:2)
  An ice dragon (D:10)
  A two-headed ogre (D:8)
  Erica (D:9)
  Nergalle (Lair:3)
  Maurice (D:10)
  4 spiny frogs
  Psyche (D:8)
  A komodo dragon (Lair:1)
  2 rime drakes (D:10)
  A troll (D:8)
  A polar bear (D:10)
  A hippogriff (Lair:3)
  11 yaks
  A wyvern (D:9)
  Edmund (D:6)
  5 water moccasins
  2 porcupines
  3 ice beasts
  5 orc warriors
  3 sky beasts
  A black bear (D:9)
  4 phantoms
  8 wolves
  8 ogres
  6 centaurs
  6 crocodiles
  5 bullfrogs
  3 gnoll sergeants
  A water moccasin zombie (D:10)
  2 scorpions
  A water moccasin skeleton (D:7)
  8 wights
  5 howler monkeys
  2 centaur zombies (D:7)
  3 crimson imps
  2 jellies (D:8)
  An orc priest (D:3)
  Crazy Yiuf (D:7)
  2 bullfrog skeletons
  4 orc wizards
  3 iguanas
  10 worker ants
  A killer bee zombie (D:7)
  A hound zombie (D:8)
  A hound skeleton (D:4)
  13 gnolls
  A howler monkey skeleton (D:8)
  9 adders
  An ooze (D:3)
  An adder skeleton (D:6)
  4 worms
  4 leopard geckos
  27 orcs
  A ball python (D:1)
  4 bats
  10 giant cockroaches
  10 goblins
  8 hobgoblins
  14 jackals
  6 quokkas
  3 frilled lizards
  6 kobolds
  2 quokka skeletons
  11 rats
  A fungus (D:2)
273 creatures vanquished.

Vanquished Creatures (collateral kills)
  A hydra (Lair:2)
1 creature vanquished.

Vanquished Creatures (others)
  A rime drake (D:10)
  A yak (D:9)
2 creatures vanquished.

Grand Total: 276 creatures vanquished

Notes
Turn   | Place    | Note
-------+----------+-------------------------------------------
     0 | Abyss:1  | Gargoyl the Centaur Abyssal Knight began the quest for the
                  | Orb.
     0 | Abyss:1  | Reached XP level 1. HP: 19/19 MP: 2/2
    77 | Abyss:1  | Noticed a small abomination
    87 | Abyss:1  | Noticed a small abomination
    93 | Abyss:1  | Noticed an iron imp
    97 | Abyss:1  | Noticed a starcursed mass
   117 | Abyss:1  | Noticed a chaos spawn
   118 | Abyss:1  | Noticed a large abomination
   119 | Abyss:1  | Noticed a small abomination
   125 | Abyss:1  | Noticed a smoke demon
   127 | D:1      | Escaped the Abyss
   160 | D:1      | Reached * piety under Lugonu
   195 | D:1      | Reached XP level 2. HP: 20/26 MP: 3/3
   521 | D:1      | Reached skill level 2 in Axes
   685 | D:1      | Reached skill level 1 in Dodging
   686 | D:1      | Reached XP level 3. HP: 28/31 MP: 4/4
  1152 | D:2      | Found a sparkling altar of Nemelex Xobeh.
  1174 | D:2      | Gained mutation: Your body sometimes deteriorates upon
                  | taking damage. [potion of mutation]
  1174 | D:2      | Gained mutation: You have a somewhat thin skeletal
                  | structure. (Dex +2, Stealth) [potion of mutation]
  1174 | D:2      | Gained mutation: Your natural rate of healing is unusually
                  | fast. [potion of mutation]
  1174 | D:2      | Gained mutation: Your system is resistant to poisons.
                  | (rPois) [potion of mutation]
  1245 | D:2      | Reached ** piety under Lugonu
  1415 | D:2      | Reached XP level 4. HP: 38/38 MP: 5/5
  2041 | D:2      | Reached XP level 5. HP: 46/46 MP: 7/7
  2052 | D:3      | Reached skill level 3 in Axes
  2466 | D:3      | Reached XP level 6. HP: 48/52 MP: 8/8
  2489 | D:3      | Found a basalt altar of Yredelemnul.
  3062 | D:4      | Reached *** piety under Lugonu
  3291 | D:4      | Found a deep blue altar of Sif Muna.
  3405 | D:4      | Reached XP level 7. HP: 49/59 MP: 9/9
  3805 | D:4      | Reached skill level 4 in Axes
  4171 | D:5      | Entered Level 5 of the Dungeon
  4254 | D:5      | HP: 2/59 [ice beast (11)]
  4623 | D:5      | Found an ornate altar of the Wu Jian Council.
  4963 | D:5      | Reached XP level 8. HP: 54/67 MP: 11/11
  5140 | D:5      | Found a transporter.
  5146 | D:5      | Noticed Peloso's ghost (amateur MiFi)
  5200 | D:5      | Found a transporter.
  5615 | D:6      | Reached skill level 1 in Throwing
  5615 | D:6      | Reached skill level 5 in Armour
  5615 | D:6      | Reached skill level 5 in Invocations
  5620 | D:6      | Reached skill level 5 in Axes
  5632 | D:6      | Noticed Edmund
  5781 | D:6      | Killed Edmund
  5966 | D:6      | Reached XP level 9. HP: 70/73 MP: 13/13
  5974 | D:6      | Reached **** piety under Lugonu
  6117 | D:6      | Found a stormy altar of Qazlal.
  6566 | D:7      | Found a blossoming altar of Fedhas.
  6570 | D:7      | Identified a scroll of acquirement
  6571 | D:7      | Got a fine rapier
  6572 | D:7      | Identified the +2 rapier of the Vulture {flame, Stlth+}
                  | (You acquired it on level 7 of the Dungeon)
  6585 | D:7      | Reached skill level 5 in Fighting
  6827 | D:7      | Noticed a hand axe
  6828 | D:7      | Noticed a dagger
  6879 | D:7      | Found a hide-covered altar of Uskayaw.
  6888 | D:7      | Reached skill level 6 in Axes
  7066 | D:7      | Found a runed door.
  7379 | D:7      | Noticed Crazy Yiuf
  7386 | D:7      | Killed Crazy Yiuf
  7532 | D:8      | Found a hazy altar of Hepliaklqana.
  7576 | D:8      | Reached ***** piety under Lugonu
  7582 | D:8      | Reached skill level 7 in Axes
  7627 | D:8      | Found an ornate altar of the Wu Jian Council.
  7878 | D:8      | Found a glowing golden altar of the Shining One.
  7879 | D:8      | Found a white marble altar of Elyvilon.
  7879 | D:8      | Found a glowing silver altar of Zin.
  7966 | D:9      | Found Tolop's Armour Emporium.
  7966 | D:9      | Found a staircase to the Orcish Mines.
  7966 | D:9      | Noticed a troll
  7966 | D:9      | Noticed a two-headed ogre
  8013 | D:8      | Killed a troll
  8299 | D:8      | Killed a two-headed ogre
  8299 | D:8      | Reached XP level 10. HP: 73/82 MP: 14/14
  8504 | D:8      | Reached skill level 1 in Shields
  8587 | D:9      | Noticed Psyche
  8798 | D:8      | Killed Psyche
  8851 | D:9      | Lost mutation: Your body sometimes deteriorates upon taking
                  | damage. [potion of mutation]
  8851 | D:9      | Lost mutation: You have a somewhat thin skeletal structure.
                  | (Dex +2, Stealth) [potion of mutation]
  8851 | D:9      | Lost mutation: Your system is resistant to poisons. (rPois)
                  | [potion of mutation]
  8851 | D:9      | Lost mutation: Your natural rate of healing is unusually
                  | fast. [potion of mutation]
  8851 | D:9      | Gained mutation: You are robust. (+10% HP) [potion of
                  | mutation]
  8851 | D:9      | Gained mutation: You are resistant to electric shocks.
                  | (rElec) [potion of mutation]
  8851 | D:9      | Gained mutation: You evolve. [potion of mutation]
  8904 | D:9      | Found a deep blue altar of Sif Muna.
  8991 | D:9      | Bought a +1 chain mail of poison resistance for 202 gold
                  | pieces
  9004 | D:9      | Gained mutation: You are agile. (Dex +2) [evolution]
  9004 | D:9      | Lost mutation: You evolve. [end of evolution]
  9401 | D:9      | Found a runed door.
  9403 | D:9      | Noticed NeAGen181's ghost (novice HOFi)
 10590 | D:9      | Found a shadowy altar of Dithmenos.
 10620 | D:9      | Noticed Erica
 10646 | D:10     | Entered Level 10 of the Dungeon
 10991 | D:9      | Killed Erica
 10991 | D:9      | Reached skill level 8 in Axes
 10991 | D:9      | Reached XP level 11. HP: 41/97 MP: 16/16
 11411 | D:10     | Got the battleaxe "Lyott" {freeze}
 11498 | D:10     | Identified the +8 battleaxe "Lyott" {freeze, rElec rF++
                  | Int+2 Dex-2} (You found it on level 10 of the Dungeon)
 11499 | D:10     | Lost mutation: You are robust. (+10% HP) [potion of
                  | mutation]
 11499 | D:10     | Lost mutation: You are agile. (Dex +2) [potion of mutation]
 11499 | D:10     | Gained mutation: You are partially covered in icy blue
                  | scales. (AC +2) [potion of mutation]
 11532 | D:10     | Noticed an ice dragon
 11549 | D:10     | Killed an ice dragon
 11549 | D:10     | Reached skill level 5 in Dodging
 11609 | D:10     | Noticed Maurice
 11806 | D:10     | Killed Maurice
 12170 | D:10     | Found Qeotul's Assorted Antiques.
 12188 | D:10     | Found a staircase to the Lair.
 12630 | Lair:1   | Entered Level 1 of the Lair of Beasts
 12752 | Lair:1   | Noticed an oklob plant
 13750 | Lair:2   | Found a staircase to the Snake Pit.
 14140 | Lair:2   | Noticed a four-headed hydra
 14152 | Lair:2   | Killed a four-headed hydra
 14183 | Lair:2   | Reached skill level 9 in Axes
 14297 | Lair:2   | Noticed a six-headed hydra
 14306 | Lair:2   | Killed a two-headed hydra
 14423 | Lair:2   | Found a staircase to the Swamp.
 14640 | Lair:3   | Noticed Nergalle
 14649 | Lair:3   | Killed Nergalle
 15034 | Lair:3   | Noticed Snorg
 15046 | Lair:3   | Slain by Snorg

Skill      XL: |  1  2  3  4  5  6  7  8  9 10 11 |
---------------+----------------------------------+-----
Axes           | 2 3 4 5 7 8 9 |  9.4
Dodging        | 1 2 3 4 5 |  5.6
Armour         | 2 3 4 5 6 7 8 |  8.5
Invocations    | 3 4 5 6 7 8 |  8.8
Fighting       | 4 5 6 7 |  7.0
Throwing       | 1 |  1.4
Shields        | 2 |  2.2
Evocations     | |  0.3

Action                   |  1- 3 |  4- 6 |  7- 9 | 10-12 || total
-------------------------+-------+-------+-------+-------++-------
Melee: Hand axe          |    98 |   182 |   473 |   118 ||   871
       Kick              |    12 |    41 |   126 |   119 ||   298
       War axe           |       |       |       |   200 ||   200
       Battleaxe         |       |       |       |   126 ||   126
Throw: Tomahawk          |       |     3 |    11 |     4 ||    18
Invok: Depart the Abyss  |     1 |       |       |       ||     1
       Bend Space        |       |       |     1 |       ||     1
       Banish            |       |       |       |     2 ||     2
Evoke: Wand              |       |       |     3 |       ||     3
  Use: Scroll            |     6 |     8 |    13 |     9 ||    36
       Potion            |     1 |       |     4 |     5 ||    10
 Stab: Confused          |       |       |     1 |       ||     1
  Eat: Chunk             |       |     6 |    13 |    16 ||    35
       Ration            |       |       |       |     1 ||     1
Armor: Scale mail        |    56 |    94 |   314 |   204 ||   668
       Skin              |       |       |    14 |       ||    14
       Chain mail        |       |       |       |   147 ||   147
Dodge: Dodged            |    38 |    63 |   205 |    86 ||   392
Block: Shield            |       |       |    40 |   102 ||   142
